 Dungeon Crawl Stone Soup version 0.25-a0-737-g26c3a87c45 (webtiles) character file.

Game seed: 17881097516939134622, levelgen mode: deterministic

265 MisterFreud the Shield-Bearer (level 6, -5/53 HPs)
             Began as a Gnoll Fighter on Apr 12, 2020.
             Killed by nerve-wracking pain
             ... invoked by an orc priest
              (14 damage)
             ... on level 6 of the Dungeon.
             The game lasted 00:02:26 (1472 turns).

MisterFreud the Shield-Bearer (Gnoll Fighter)       Turns: 1472, Time: 00:02:26

Health: -5/53      AC:  9    Str: 18    XL:     6   Next: 20%
Magic:  8/8        EV:  9    Int: 12    God:
Gold:   117        SH: 10    Dex: 15    Spells: 8/8 levels left

rFire    . . .     SeeInvis .   r - +2 short sword (flame)
rCold    . . .     Gourm    .   c - +0 kite shield
rNeg     . . .     Faith    .   b - +0 scale mail
rPois    .         Spirit   .   (no helmet)
rElec    .         Reflect  .   m - +0 cloak
rCorr    .         Harm     .   (no gloves)
MR       .....                  (no boots)
Stlth    +.........             (no amulet)
HPRegen  0.17/turn              (no ring)
MPRegen  0.11/turn              (no ring)

@: no status effects
A: distributed training, fangs 1, strong nose
a: no special abilities


You were on level 6 of the Dungeon.
You were not hungry.

You visited 1 branch of the dungeon, and saw 4 of its levels.

You collected 117 gold pieces.

Inventory:

Hand Weapons
 a - a +0 rapier
 r - a +2 short sword of flaming (weapon)
Missiles
 e - 39 sling bullets
 h - 35 bolts
 i - 22 arrows
 o - 64 stones (quivered)
Armour
 b - a +0 scale mail (worn)
 c - a +0 kite shield (worn)
 m - a +0 cloak (worn)
Jewellery
 q - a +4 ring of evasion
Scrolls
 l - a scroll of teleportation {unknown}
 n - a scroll of amnesia {unknown}
 p - a scroll of random uselessness {unknown}
Potions
 d - a potion of might
 j - a potion of ambrosia {unknown}
 k - 3 potions of curing {unknown}
Comestibles
 f - 6 rations
 g - 10 chunks of flesh


   Skills:
 + Level 6.8 Fighting
 + Level 4.9 Short Blades
 + Level 1.8 Long Blades
 + Level 1.8 Axes
 + Level 1.8 Maces & Flails
 + Level 1.8 Polearms
 + Level 1.8 Staves
 + Level 1.8 Slings
 + Level 1.8 Bows
 + Level 1.8 Crossbows
 + Level 1.8 Throwing
 + Level 6.8 Armour
 + Level 1.8 Dodging
 + Level 1.8 Stealth
 + Level 6.8 Shields
 + Level 1.8 Unarmed Combat
 + Level 1.8 Spellcasting
 + Level 1.4 Conjurations
 + Level 1.4 Hexes
 + Level 1.4 Charms
 + Level 1.4 Summonings
 + Level 1.4 Necromancy
 + Level 1.4 Translocations
 + Level 1.4 Transmutations
 + Level 1.4 Fire Magic
 + Level 1.4 Ice Magic
 + Level 1.4 Air Magic
 + Level 1.4 Earth Magic
 + Level 1.4 Poison Magic
 + Level 2.0 Invocations
 + Level 1.8 Evocations


You had 8 spell levels left.
You didn't know any spells.
Your spell library was empty.

Dungeon Overview and Level Annotations

Branches:
Dungeon (3/15)

Altars:
Cheibriados
Wu Jian
Zin


Innate Abilities, Weirdness & Mutations

Your experience applies equally to all skills.
You have very sharp teeth.
Your uncanny sense of smell can sniff out nearby items.


Message History

The adder hisses angrily.
You hit the orc priest but do no damage.
The orc priest is severely wounded.
You block the orc priest's attack.
You hit the orc priest but do no damage.
You bite the orc priest, but do no damage.
The orc priest is severely wounded.
You block the orc priest's attack.
You barely miss the orc priest.
The orc priest is severely wounded.
You block the orc priest's attack.
The orc priest hits you but does no damage.
Your scale mail prevents you from hitting the orc priest.
The orc priest is severely wounded.
You block the orc priest's attack.
You hit the orc priest but do no damage.
The orc priest is severely wounded.
The orc priest mumbles some strange prayers to Beogh against you.
Pain shoots through your body!
You die...

...o ∆ .... # .. .o. ##.
##.# .o# .##..##..#
#.### ## .........#
#...#.... .........##
##.......#
..........#####..##....#
..........S.@oo..# ...
#..........###..# .
#........## ##....
#.......## .......
#....#..####....##..
#..###............## .
#.. #...####.####.####..
... #...##.....##.....
#. #.#.#.......#...


You could see an orc priest, an adder and an orc.

Vanquished Creatures
  An orc warrior (D:6)
  A hound (D:6)
  6 adders (D:2)
  A gnoll (D:1)
  A shadow imp (D:6)
  An ooze (D:1)
  2 worms (D:2)
  2 dart slugs
  3 leopard geckos
  An orc (D:6)
  A ball python (D:1)
  5 bats
  3 giant cockroaches
  3 goblins
  9 hobgoblins
  3 quokkas
  5 frilled lizards
  8 kobolds
  6 rats
62 creatures vanquished.

Notes
Turn   | Place    | Note
-------+----------+-------------------------------------------
     0 | D:1      | MisterFreud the Gnoll Fighter began the quest for the Orb.
     0 | D:1      | Reached XP level 1. HP: 23/23 MP: 1/1
   188 | D:1      | Reached XP level 2. HP: 26/29 MP: 2/2
   317 | D:1      | Reached XP level 3. HP: 32/35 MP: 3/3
   678 | D:2      | Reached skill level 1 in Invocations
   690 | D:2      | Reached skill level 1 in Long Blades
   690 | D:2      | Reached skill level 1 in Axes
   690 | D:2      | Reached skill level 1 in Maces & Flails
   690 | D:2      | Reached skill level 1 in Polearms
   690 | D:2      | Reached skill level 1 in Staves
   690 | D:2      | Reached skill level 1 in Slings
   690 | D:2      | Reached skill level 1 in Bows
   690 | D:2      | Reached skill level 1 in Crossbows
   690 | D:2      | Reached skill level 1 in Throwing
   690 | D:2      | Reached skill level 1 in Dodging
   690 | D:2      | Reached skill level 1 in Stealth
   690 | D:2      | Reached skill level 1 in Unarmed Combat
   690 | D:2      | Reached skill level 1 in Spellcasting
   690 | D:2      | Reached skill level 1 in Evocations
   731 | D:2      | Reached XP level 4. HP: 32/41 MP: 5/5
   986 | D:2      | Reached skill level 1 in Conjurations
   986 | D:2      | Reached skill level 1 in Hexes
   986 | D:2      | Reached skill level 1 in Charms
   986 | D:2      | Reached skill level 1 in Summonings
   986 | D:2      | Reached skill level 1 in Necromancy
   986 | D:2      | Reached skill level 1 in Translocations
   986 | D:2      | Reached skill level 1 in Transmutations
   986 | D:2      | Reached skill level 1 in Fire Magic
   986 | D:2      | Reached skill level 1 in Ice Magic
   986 | D:2      | Reached skill level 1 in Air Magic
   986 | D:2      | Reached skill level 1 in Earth Magic
   986 | D:2      | Reached skill level 1 in Poison Magic
  1147 | D:2      | Reached XP level 5. HP: 44/47 MP: 6/6
  1322 | D:3      | Found a snail-covered altar of Cheibriados.
  1323 | D:3      | Found a glowing silver altar of Zin.
  1323 | D:3      | You fall into a shaft and drop 3 floors!
  1391 | D:6      | Found an ornate altar of the Wu Jian Council.
  1435 | D:6      | Noticed an orc warrior
  1462 | D:6      | Killed an orc warrior
  1462 | D:6      | Reached XP level 6. HP: 20/53 MP: 8/8
  1472 | D:6      | Killed from afar by an orc priest

Levels and vault maps discovered:
D:1:      lightli_arrival_isolated_outpost, layout_basic, minivault_23
D:2:      layout_basic
D:3:      layout_loops_ring, grunt_temple_overflow_open,
          gammafunk_temple_overflow_elements, roderic_lattice_a
D:6:      layout_layer_cave, old_standard_altar, uniq_maggie

Skill      XL: |  1  2  3  4  5 |
---------------+----------------+-----
Invocations    | 1 2 |  2.0
Long Blades    | 1 |  1.8
Axes           | 1 |  1.8
Maces & Flails | 1 |  1.8
Polearms       | 1 |  1.8
Staves         | 1 |  1.8
Slings         | 1 |  1.8
Bows           | 1 |  1.8
Crossbows      | 1 |  1.8
Throwing       | 1 |  1.8
Dodging        | 1 |  1.8
Stealth        | 1 |  1.8
Unarmed Combat | 1 |  1.8
Spellcasting   | 1 |  1.8
Evocations     | 1 |  1.8
Conjurations   | 1 |  1.4
Hexes          | 1 |  1.4
Charms         | 1 |  1.4
Summonings     | 1 |  1.4
Necromancy     | 1 |  1.4
Translocations | 1 |  1.4
Transmutations | 1 |  1.4
Fire Magic     | 1 |  1.4
Ice Magic      | 1 |  1.4
Air Magic      | 1 |  1.4
Earth Magic    | 1 |  1.4
Poison Magic   | 1 |  1.4
Fighting       | |  6.8
Short Blades   | |  4.9
Armour         | |  6.8
Shields        | |  6.8

Action                   |  1- 3 |  4- 6 || total
-------------------------+-------+-------++-------
Melee: Rapier            |    92 |    48 ||   140
       Bite              |     6 |    13 ||    19
       Short sword       |       |    83 ||    83
  Eat: Chunk             |       |     2 ||     2
Armor: Scale mail        |    41 |    37 ||    78
Dodge: Dodged            |    34 |    34 ||    68
Block: Kite shield       |    54 |    54 ||   108

Table legend:
 A = Non-vault XP
 B = Vault XP
 C = Vault XP percentage of total XP
 D = Non-vault monster count
 E = Vault monster count
 F = Vault count percentage of total count
                 A         B        C        D         E       F
            +---------+---------+-------+---------+---------+-------
      Total |     379 |       0 |   0.0 |      62 |       0 |   0.0
            +---------+---------+-------+---------+---------+-------
        D:1 |      54 |       0 |   0.0 |      21 |       0 |   0.0
        D:2 |     131 |       0 |   0.0 |      33 |       0 |   0.0
        D:3 |       7 |       0 |   0.0 |       3 |       0 |   0.0
        D:6 |     187 |       0 |   0.0 |       5 |       0 |   0.0
            +---------+---------+-------+---------+---------+-------
